 Dungeon Crawl Stone Soup version 0.28.0-47-ge53b351184 (webtiles) character file.

Game seed: 1997028644496108767

15238 pkoi the Destroyer (level 11, 0/88 HPs)
             Began as a Demigod Conjurer on Apr 25, 2022.
             Slain by a black mamba (15 damage)
             ... on level 2 of the Lair of Beasts.
             The game lasted 00:28:25 (25867 turns).

pkoi the Destroyer (Demigod Conjurer)              Turns: 25867, Time: 00:28:25

Health: 0/88       AC:  6    Str:  8    XL:     11   Next: 67%
Magic:  11/22      EV: 14    Int: 38    God:
Gold:   744        SH:  0    Dex: 15    Spells: 0/20 levels left

rFire   . . .      SeeInvis .   f - +8 trident of the Octopus King {venom, rElec rPois}
rCold   . . .      Faith    .   (no shield)
rNeg    . . .      Spirit   .   p - +2 robe "Kizyn" {Dex+3 Slay+3}
rPois   +          Reflect  .   H - +0 helmet
rElec   +          Harm     .   (no cloak)
rCorr   .          Rampage  .   (no gloves)
Will    +....                   K - +0 pair of boots
Stlth   ++........              (no amulet)
HPRegen 0.24/turn               J - +4 ring of slaying
MPRegen 0.18/turn               u - +6 ring of intelligence

@: no status effects
A: high MP 1, forlorn, divine attributes
a: no special abilities


You were on level 2 of the Lair of Beasts.
You visited 2 branches of the dungeon, and saw 14 of its levels.

You collected 744 gold pieces.

Inventory:

Hand Weapons
 b - a +0 vorpal short sword
 e - a +3 whip of venom
 f - the +8 trident of the Octopus King (weapon) {venom, rElec rPois}
   (You found it on level 11 of the Dungeon)

   It poisons the flesh of those it strikes.
   rElec:     It insulates you from electricity.
   rPois:     It protects you from poison.
 t - a +2 whip of electrocution
Missiles
 k - 3 throwing nets
Armour
 a - a +1 robe
 p - the +2 robe "Kizyn" (worn) {Dex+3 Slay+3}
   (You found it on level 5 of the Dungeon)

   Dex:       It affects your dexterity (+3).
   Slay:      It affects your accuracy & damage with ranged weapons and melee
   (+3).
 H - a +0 helmet (worn)
 K - a +0 pair of boots (worn)
Magical Staves
 l - a staff of poison
 C - a staff of death
Jewellery
 j - a +6 ring of dexterity
 q - a ring of protection from cold
 u - a +6 ring of intelligence (right hand)
 E - a ring of ice
 J - a +4 ring of slaying (left hand)
Wands
 v - a wand of flame (13)
 y - a wand of paralysis (6)
 B - a wand of digging (7)
 F - a wand of polymorph (4)
 G - a wand of mindburst (5)
Scrolls
 g - a scroll of enchant armour
 o - 4 scrolls of identify
 r - 2 scrolls of fog
 x - a scroll of fear
 A - a scroll of enchant weapon
 D - 2 scrolls of magic mapping
 I - 3 scrolls of teleportation
Potions
 c - 5 potions of brilliance
 d - a potion of invisibility
 h - 2 potions of haste
 i - a potion of magic
 m - 3 potions of flight
 n - a potion of resistance
 s - 3 potions of heal wounds
 w - a potion of ambrosia {unknown}
 z - 4 potions of curing


   Skills:
 + Level 5.6 Fighting
 - Level 2.0 Armour
 + Level 5.4 Dodging
 - Level 1.7 Stealth
 - Level 1.3 Unarmed Combat
 + Level 5.1 Spellcasting
 + Level 11.6 Conjurations
 + Level 6.6 Hexes
 + Level 6.6 Translocations
 + Level 2.4 Air Magic
 + Level 2.4 Poison Magic
 + Level 1.2 Evocations


You couldn't memorise any spells.
You knew the following spells:

 Your Spells              Type           Power      Damage    Failure   Level
a - Magic Dart            Conj           100%       1d8       1%          1
b - Searing Ray           Conj           100%       2d8       1%          2
c - Iskenderun's Mystic   Conj/Tloc      68%        2d14      1%          4
d - Fulminant Prism       Conj/Hex       34%        3d16      1%          4
e - Poisonous Vapours     Pois/Air       56%        N/A       1%          2
f - Inner Flame           Hex/Fire       34%        N/A       2%          3
g - Airstrike             Air            14%        N/A       12%         4

Your spell library contained the following spells:

 Spells                   Type           Power      Damage    Failure   Level
 Foxfire                  Conj/Fire      100%       2x1d9     1%          1
 Shock                    Conj/Air       100%       1d9       1%          1
 Conjure Flame            Conj/Fire      52%        6-21      1%          3
 Dazzling Flash           Conj/Hex       100%       N/A       1%          3
 Gell's Gravitas          Tloc           57%        N/A       1%          3
 Lesser Beckoning         Tloc           57%        N/A       1%          3
 Mephitic Cloud           Conj/Pois/Air  51%        N/A       1%          3
 Teleport Other           Tloc           57%        N/A       1%          3
 Summon Guardian Golem    Hex/Summ       34%        N/A       2%          3
 Summon Small Mammal      Summ           36%        N/A       3%          1
 Corpse Rot               Necr/Air       38%        N/A       3%          2
 Swiftness                Air            28%        N/A       3%          3
 Flame Wave               Conj/Fire      52%        2d11      3%          4
 Call Imp                 Summ           9%         N/A       4%          2
 Call Canine Familiar     Summ           9%         N/A       10%         3


Dungeon Overview and Level Annotations

Branches:
Dungeon (11/15)            Temple (0/1) D:6            Lair (3/6) D:11
  Swamp (0/4) Lair:2        Snake (0/4) Lair:2          Orc (0/2) D:10

Shops:
D:2 ([(*   D:3 [   D:9 =

Annotations:
Lair:2 2 transporters


Innate Abilities, Weirdness & Mutations

You have an increased reservoir of magic. (+10% MP)
You shall have no god before yourself.
Your divine heritage dramatically boosts your attributes as you level up.


Message History

You start resting.
You start resting.
Magic restored.
You start waiting.
You climb downwards.
The black mamba bites you! The black mamba misses you.
The black mamba bites you!
* * * LOW HITPOINT WARNING * * *
There is a stone staircase leading up, spattered with blood here.
Unknown command.
Casting: Iskenderun's Mystic Blast (mildly dangerous; 1% risk of failure)
Confirm with . or Enter, or press ? or * to list all spells.
You erupt in a blast of force!
The mystic blast hits the black mamba!
The black mamba is lightly wounded.
The black mamba is knocked back by the mystic blast.
An elephant comes into view.
Unknown command.
The black mamba bites you!
* * * LOW HITPOINT WARNING * * *
The black mamba bites you!
* * * LOW HITPOINT WARNING * * *
The black mamba bites you!
* * * LOW HITPOINT WARNING * * *
You climb upwards.
Level annotation: 2 transporters
There is a stone staircase leading down here.
The black mamba completely misses you.
Casting: Iskenderun's Mystic Blast (mildly dangerous; 1% risk of failure)
Confirm with . or Enter, or press ? or * to list all spells.
You erupt in a blast of force!
The mystic blast hits the black mamba!
The black mamba is heavily wounded.
The black mamba is knocked back by the mystic blast.
Unknown command.
Casting: Iskenderun's Mystic Blast (mildly dangerous; 1% risk of failure)
Confirm with . or Enter, or press ? or * to list all spells.
Aiming: Fulminant Prism (mildly dangerous; 1% risk of failure)
Press: ? - help, Dir - move target You conjure a prism of explosive energy!
A fulminant prism comes into view.
The black mamba bites you!
You die...

.....##....[.##.##...........#...
###.###......####...#.>.#...##.##
P#...#P......###...........##..##
..........[....#..#.#.#...##.....
...............#.........##......
...............#..#.#...##.......
...............#.......##........
...............#.#######.........
.#######......[.@S...............
.#P######..........*.....#######.
............}....####....####.###
.......#.....##..# ##....#......
.............###)### #...#.......
.................).###...##......
........#....###....#............
##..##.##.....##...##.....#......
######.P.....#######.#...####....


You could see a black mamba (ally target) and a friendly fulminant prism.

Vanquished Creatures
  Fannar (D:10)
  Pikel (D:5)
  An ugly thing (D:11)
  An elephant (D:11)
  A black mamba (Lair:2)
  2 centaur zombies (D:11)
  2 cane toads
  Psyche (D:11)
  2 gargoyles
  5 komodo dragons
  3 rime drakes
  A troll (D:11)
  3 slime creatures (D:10)
  Sigmund (D:5)
  A wyvern (D:9)
  2 wraiths
  A yak (D:11)
  3 basilisks
  3 vampire mosquitoes (D:11)
  Grum (D:9)
  6 nagas (Lair:2)
  4 water moccasins
  An ice beast (D:4)
  6 orc warriors
  7 centaurs
  2 sky beasts
  5 ogres
  10 wolves
  A phantom (D:4)
  2 lemures (D:6)
  8 bullfrogs
  A gnoll sergeant (D:10)
  3 scorpions
  A wyvern skeleton (D:7)
  13 killer bees
  4 wights (D:6)
  6 howler monkeys
  An electric eel (Lair:2)
  2 jellies
  11 orc priests
  A gnoll shaman (D:7)
  Jessica (D:3)
  Ijyb (D:5)
  An iguana (D:5)
  5 orc wizards
  A killer bee zombie (D:3)
  A howler monkey zombie (D:9)
  11 gnolls
  9 adders
  2 shadow imps
  An ufetubus (D:6)
  An adder zombie (D:5)
  37 orcs
  7 ball pythons
  5 bats
  7 endoplasms
  5 giant cockroaches
  10 goblins
  12 hobgoblins
  7 kobolds
  3 quokkas
  3 frilled lizards
  A quokka skeleton (D:2)
  6 rats
268 creatures vanquished.

Vanquished Creatures (collateral kills)
  A bullfrog skeleton (D:5)
  3 gnolls (D:5)
4 creatures vanquished.

Vanquished Creatures (others)
  65 fulminant prisms
  14 fungi
  11 plants
90 creatures vanquished.

Grand Total: 362 creatures vanquished

Notes
Turn   | Place    | Note
-------+----------+-------------------------------------------
     0 | D:1      | pkoi the Demigod Conjurer began the quest for the Orb.
     0 | D:1      | Reached XP level 1. HP: 14/14 MP: 5/5
   611 | D:1      | Reached skill level 4 in Conjurations
   642 | D:1      | Reached XP level 2. HP: 20/20 MP: 1/7
  1613 | D:1      | Reached XP level 3. HP: 26/26 MP: 3/8
  2130 | D:2      | Found Qick's General Store.
  2255 | D:2      | Found Qipn's Weapon Emporium.
  2258 | D:2      | Found Gaajyvigi's Antique Armour Shoppe.
  2274 | D:2      | Reached skill level 5 in Conjurations
  2400 | D:2      | Found Ydet's Antique Weapon Emporium.
  2660 | D:2      | Reached XP level 4. HP: 33/33 MP: 5/9
  3044 | D:3      | Noticed Jessica
  3047 | D:3      | Killed Jessica
  3370 | D:2      | Learned a level 2 spell: Searing Ray
  3997 | D:3      | Reached skill level 6 in Conjurations
  3997 | D:3      | Reached XP level 5. HP: 35/38 MP: 4/10
  4643 | D:3      | Found Cyunief's Armour Shoppe.
  4844 | D:3      | Noticed an angel
  5136 | D:4      | You fall into a shaft and drop 2 floors!
  5143 | D:6      | Noticed an ogre
  5167 | D:6      | Killed an ogre
  5168 | D:6      | Reached skill level 7 in Conjurations
  5168 | D:6      | Reached XP level 6. HP: 17/45 MP: 2/11
  5406 | D:6      | Learned a level 4 spell: Iskenderun's Mystic Blast
  6009 | D:6      | Reached skill level 8 in Conjurations
  6009 | D:6      | Reached XP level 7. HP: 19/50 MP: 12/12
  6503 | D:6      | Identified the +3 ring mail "Atopnufe" {Str+3}
  7039 | D:6      | Found a staircase to the Ecumenical Temple.
  7131 | D:6      | Reached skill level 1 in Fighting
  7131 | D:6      | Reached skill level 1 in Armour
  7830 | D:5      | Entered Level 5 of the Dungeon
  7830 | D:5      | Noticed Pikel
  7959 | D:5      | Identified the +2 robe "Kizyn" {Dex+3 Slay+3}
  8022 | D:5      | Reached skill level 9 in Conjurations
  8253 | D:5      | Reached XP level 8. HP: 61/61 MP: 4/13
  8409 | D:5      | Killed Pikel
  8647 | D:5      | Noticed Ijyb
  8658 | D:5      | Killed Ijyb
  8842 | D:5      | Noticed Sigmund
  8851 | D:5      | Killed Sigmund
  9027 | D:4      | Reached skill level 1 in Unarmed Combat
  9418 | D:4      | Learned a level 4 spell: Fulminant Prism
 10074 | D:5      | Reached skill level 1 in Hexes
 10688 | D:7      | Reached skill level 1 in Translocations
 10688 | D:7      | Reached XP level 9. HP: 52/70 MP: 7/17
 12792 | D:8      | Reached skill level 10 in Conjurations
 14350 | D:9      | Noticed Grum
 14362 | D:9      | Killed Grum
 15525 | D:9      | Found Tiahasie's Jewellery Shoppe.
 16122 | D:10     | Entered Level 10 of the Dungeon
 16182 | D:10     | Noticed Fannar
 16204 | D:10     | Killed Fannar
 16205 | D:10     | Reached XP level 10. HP: 31/78 MP: 2/21
 17012 | D:10     | Reached skill level 5 in Spellcasting
 19017 | D:10     | Found a staircase to the Orcish Mines.
 19334 | D:11     | Noticed Psyche
 19654 | D:11     | Noticed an elephant
 19654 | D:11     | Found a staircase to the Lair.
 19695 | D:11     | Reached skill level 5 in Fighting
 19942 | D:11     | Reached skill level 5 in Dodging
 20144 | D:11     | Found the +8 trident of the Octopus King {venom, rElec
                  | rPois}
 20162 | D:11     | Reached skill level 5 in Translocations
 20392 | D:11     | Noticed a red ugly thing
 20407 | D:11     | Killed a red ugly thing
 20408 | D:11     | Reached skill level 5 in Hexes
 20615 | D:11     | Reached skill level 11 in Conjurations
 20620 | D:11     | Killed an elephant
 20621 | D:11     | Reached XP level 11. HP: 51/88 MP: 2/22
 22095 | D:11     | Killed Psyche
 22247 | Lair:1   | Entered Level 1 of the Lair of Beasts
 22437 | Lair:1   | Learned a level 2 spell: Poisonous Vapours
 23354 | Lair:2   | Found a staircase to the Swamp.
 23514 | Lair:2   | Reached skill level 1 in Air Magic
 23514 | Lair:2   | Reached skill level 1 in Poison Magic
 24352 | Lair:2   | Found a staircase to the Snake Pit.
 24542 | Lair:2   | Found a transporter.
 24581 | Lair:2   | Found a transporter.
 24581 | Lair:2   | Noticed a fire crab
 24618 | Lair:2   | Identified a scroll of acquirement
 24618 | Lair:2   | Acquired a book of Air
 24624 | Lair:2   | Learned a level 3 spell: Inner Flame
 24629 | Lair:2   | Learned a level 4 spell: Airstrike
 25285 | Lair:3   | Reached skill level 1 in Evocations
 25867 | Lair:2   | Slain by a black mamba

Illustrated notes

Levels and vault maps discovered:
D:1:      dpeg_arrival_simpleton_c, layout_basic, serial_curves, eino_curves_01,
          eino_curves_03, dilly_ecumenical_altar_fadedgnrine
D:2:      layout_loops_ring, serial_shops, shop, shop, nicolae_diamond_shop,
          nicolae_shop_statue_plus, minmay_pentomino_o2
D:3:      layout_basic, zin_angel, serial_shops, nicolae_shop_waterfront,
          uniq_jessica
D:4:      layout_gridville, kennysheep_cross_room
D:5:      layout_basic, minitemple, minmay_quadrilaterals, uniq_ijyb,
          uniq_sigmund, uniq_pikel
D:6:      layout_rooms, mainiacjoe_overflow_tiny_flanked,
          minmay_temple_entry_antechambers
D:7:      layout_basic, mainiacjoe_overflow_cross_hatched
D:8:      layout_basic, serial_rivers, chequers_serial_rivers_large_a,
          chequers_serial_rivers_small_3, chequers_serial_rivers_small_b,
          chequers_serial_rivers_micro_e, chequers_serial_rivers_large_b
D:9:      layout_stronghold, serial_shops, nicolae_shop_window_shopping,
          uniq_grum
D:10:     layout_stronghold, david_orc_4, grunt_decor_junction, uniq_fannar
D:11:     layout_loops_ring, david_lair_generic, portal_ice_cave_rime,
          uniq_psyche
Lair:1:   layout_loops_ring, infiniplex_staircase_pool_2
Lair:2:   gammafunk_cloud_chamber, layout_regular_city, swamp_mist_pool,
          minmay_snake_entry_guardpost_large
Lair:3:   nzn_winding_woodlands_three_and_one [nzn_winding_woodlands_5x15_twine,
          nzn_winding_woodlands_5x15_split_checker,
          nzn_winding_woodlands_5x15_pathside_ponds,
          nzn_winding_woodlands_center_triple_pond], layout_long_grid,
          beast_lair_carwin_6

Skill      XL: |  1  2  3  4  5  6  7  8  9 10 11 |
---------------+----------------------------------+-----
Conjurations   | 4 5 6 7 8 9 10 11 | 11.6
Fighting       | 2 3 4 5 |  5.6
Armour         | 2 |  2.0
Dodging        | 2 3 5 |  5.4
Spellcasting   | 3 4 5 |  5.1
Unarmed Combat | 1 |  1.3
Hexes          | 1 3 5 6 |  6.6
Translocations | 1 3 5 6 |  6.6
Air Magic      | 2 |  2.4
Poison Magic   | 2 |  2.4
Evocations     | 1 |  1.2
Stealth        | |  1.7

Action                   |  1- 3 |  4- 6 |  7- 9 | 10-12 || total
-------------------------+-------+-------+-------+-------++-------
Melee: Unarmed           |    10 |       |       |       ||    10
       Short sword       |     3 |       |       |       ||     3
       Whip              |       |    27 |    34 |    26 ||    87
       Punch             |       |       |     1 |     2 ||     3
       Trident           |       |       |       |    55 ||    55
 Cast: Magic Dart        |    90 |    58 |   100 |    43 ||   291
       Searing Ray       |       |     8 |    40 |     5 ||    53
       Iskenderun's Myst |       |       |    17 |    55 ||    72
       Fulminant Prism   |       |       |    11 |    55 ||    66
Evoke: Wand              |       |       |       |     8 ||     8
  Use: Scroll            |       |     8 |     6 |    14 ||    28
 Stab: Distracted        |       |       |       |     1 ||     1
       Sleeping          |       |       |       |     1 ||     1
Armor: Robe              |     2 |     2 |    15 |    45 ||    64
       Ring mail         |       |       |     3 |       ||     3
Dodge: Dodged            |    16 |    34 |    61 |   139 ||   250
